Map: Newkirk Precinct TE (Void)

Players

PureBlood

  • Race: Protoss Protoss
  • Spawn Location: 7:00

Wilson - Winner!

  • Race: Terran Terran
  • League: Gold
  • Spawn Location: 5:00

VOD

Have the link to the VOD?

Description

Time

  • Played on: Dec. 17, 2016, 5:36 p.m.
  • Length: 12:00
Show
View Real Time Build Order
Export as new Build Order

PureBlood Protoss 

Build Orders: Nexus First 

Get SALT Encoding   

  12  0:01  Probe (Chrono Boost)  
  13  0:12  Probe (Chrono Boost)  
  14  0:22  Probe (Chrono Boost)  
  14  0:23  Pylon  
  15  0:42  Probe (Chrono Boost)  
  16  0:52  Probe (Chrono Boost)  
  17  1:02  Nexus  
  17  1:12  Gateway  
  17  1:15  Probe (Chrono Boost)  
  18  1:21  Assimilator  
  19  1:25  Probe (Chrono Boost)  
  19  1:28  Assimilator  
  19  1:40  Forge  
  19  1:48  Pylon  
  19  1:49  Probe (Chrono Boost)  
  20  2:02  Cybernetics Core  
  20  2:07  Probe (Chrono Boost)  
  21  2:15  Gateway  
  21  2:18  Probe (Chrono Boost)  
  21  2:20  Probe (Chrono Boost)  
  23  2:33  Photon Cannon  
  23  2:41  Photon Cannon  
  23  2:45  Probe (Chrono Boost)  
  23  2:49  Probe (Chrono Boost)  
  25  2:55  Pylon  
  25  2:57  Probe (Chrono Boost)  
  26  3:01  Probe (Chrono Boost)  
  27  3:07  Stalker  
  29  3:15  Probe (Chrono Boost)  
  29  3:18  Probe (Chrono Boost), Pylon  
  31  3:25  Stalker  
  33  3:29  Probe (Chrono Boost)  
  33  3:30  Probe (Chrono Boost)  
  35  3:40  Probe (Chrono Boost)  
  35  3:41  Probe (Chrono Boost)  
  37  3:48  Robotics Facility  
  37  3:50  Probe (Chrono Boost)  
  37  3:51  Probe (Chrono Boost)  
  37  3:54  Assimilator  
  39  3:59  Assimilator  
  39  4:01  Probe (Chrono Boost)  
  40  4:04  Stalker  
  42  4:10  Photon Cannon  
  42  4:12  Pylon  
  42  4:18  Probe x2 (Chrono Boost)  
  42  4:21  Stargate  
  44  4:28  Probe (Chrono Boost)  
  44  4:29  Probe (Chrono Boost)  
  46  4:36  Observer  
  47  4:39  Probe x2 (Chrono Boost)  
  47  4:41  Stargate  
  47  4:45  Stalker x2  
  53  4:51  Photon Cannon  
  53  4:58  Probe (Chrono Boost)  
  54  5:07  Immortal  
  58  5:08  Probe (Chrono Boost)  
  58  5:12  Void Ray  
  63  5:18  Protoss Shields Level 1  
  63  5:24  Pylon, Protoss Air Weapons Level 1  
  63  5:27  Pylon  
  63  5:40  Void Ray  
  67  5:51  Zealot  
  67  5:52  Zealot  
  67  5:55  Void Ray  
  75  6:09  Photon Cannon  
  75  6:14  Pylon  
  75  6:19  Pylon  
  75  6:22  Void Ray  
  75  6:25  Immortal  
  83  6:38  Void Ray  
  87  6:42  Pylon  
  87  6:48  Pylon  
  87  6:55  Zealot  
  87  6:56  Zealot  
  91  7:05  Void Ray  
  81  7:15  Protoss Air Armor Level 1  
  81  7:18  Protoss Ground Weapons Level 1  
  81  7:22  Immortal  
  85  7:25  Photon Cannon  
  85  7:26  Photon Cannon  
  85  7:37  Pylon  
  85  7:46  Nexus  
  85  7:49  Pylon  
  85  8:01  Immortal  
  89  8:09  Probe (Chrono Boost)  
  89  8:10  Probe (Chrono Boost)  
  91  8:14  Pylon  
  92  8:20  Probe (Chrono Boost)  
  92  8:22  Probe (Chrono Boost), Photon Cannon  
  93  8:28  Assimilator  
  93  8:31  Probe (Chrono Boost)  
  93  8:32  Probe (Chrono Boost)  
  93  8:33  Assimilator  
  95  8:35  Void Ray  
  95  8:39  Stalker  
  101  8:42  Probe (Chrono Boost)  
  101  8:43  Probe (Chrono Boost)  
  101  8:46  Twilight Council  
  103  8:52  Probe (Chrono Boost)  
  103  8:53  Probe (Chrono Boost)  
  105  8:58  Forge  
  105  9:01  Probe (Chrono Boost)  
  106  9:12  Probe (Chrono Boost)  
  107  9:17  Void Ray  
  107  9:19  Stalker x2  
  107  9:22  Probe (Chrono Boost)  
  61  9:39  Void Ray  
  68  9:45  Immortal  
  68  9:49  Stalker  
  70  9:57  Stalker  
  44  10:20  Void Ray  
Show
View Real Time Build Order
Export as new Build Order

Wilson Terran - Winner!

Build Orders: MMM Bio 

Get SALT Encoding   

  12  0:00  SCV  
  13  0:13  SCV  
  14  0:18  Supply Depot  
  14  0:25  SCV  
  15  0:40  SCV  
  15  0:42  Barracks  
  16  0:47  Refinery  
  16  0:52  SCV  
  17  1:04  SCV  
  18  1:16  SCV  
  19  1:29  Orbital Command  
  19  1:32  Barracks Reactor  
  19  1:43  Command Center  
  19  1:56  Barracks  
  19  1:58  SCV  
  20  2:11  Supply Depot, SCV  
  20  2:13  Marine  
  20  2:15  Marine  
  23  2:32  Marine  
  23  2:33  SCV, Marine  
  23  2:36  Engineering Bay  
  26  2:44  Barracks Tech Lab  
  26  2:45  SCV  
  26  2:50  Marine  
  26  2:51  Marine  
  29  2:57  SCV  
  30  3:01  Orbital Command  
  30  3:04  Combat Shields  
  30  3:05  Marine  
  30  3:08  Marine  
  30  3:09  Marine  
  33  3:18  Bunker  
  33  3:23  Marine  
  33  3:26  Marine x2  
  36  3:27  SCV  
  36  3:28  SCV  
  38  3:35  Missile Turret  
  38  3:39  SCV  
  38  3:40  SCV  
  40  3:41  Marine  
  41  3:49  Supply Depot  
  41  3:50  Terran Infantry Weapons Level 1, Marine  
  41  3:52  Missile Turret, Marine  
  43  3:57  SCV  
  43  3:58  SCV  
  44  4:12  Supply Depot, Marine  
  44  4:13  Marine x2  
  44  4:16  Barracks  
  47  4:24  SCV  
  47  4:25  SCV  
  47  4:28  Stimpack  
  49  4:36  Supply Depot  
  49  4:37  SCV x2  
  51  4:42  Command Center  
  51  4:47  Marine x2  
  51  4:49  SCV x2  
  55  4:56  Supply Depot  
  55  4:57  Marine  
  56  5:01  SCV x2  
  56  5:04  Barracks Reactor, Marine  
  59  5:13  Barracks, SCV  
  59  5:14  Barracks, SCV  
  61  5:20  Marine x2  
  63  5:26  SCV x2  
  65  5:33  Marine  
  65  5:34  Barracks  
  66  5:36  Barracks  
  66  5:38  SCV x2  
  66  5:42  Marine x4  
  71  5:49  Terran Infantry Armor Level 1  
  72  5:50  SCV  
  72  5:51  Marine  
  72  5:52  SCV  
  75  6:00  Orbital Command, Marine  
  75  6:02  SCV  
  77  6:04  SCV, Marine x2  
  77  6:06  Barracks Reactor  
  77  6:10  Marine x2  
  82  6:17  Marine  
  83  6:22  Barracks Reactor, Marine x2  
  83  6:23  Barracks Reactor  
  83  6:24  Barracks Reactor  
  83  6:25  Orbital Command  
  85  6:26  SCV x2  
  85  6:28  Marine x2  
  89  6:35  Marine  
  89  6:38  SCV x2  
  92  6:40  Marine  
  93  6:58  Marine  
  93  6:59  Marine x3  
  93  7:00  Marine  
  93  7:03  Marine  
  93  7:04  Marine x7  
  78  7:16  Marine  
  78  7:17  Marine x3, SCV x3  
  78  7:18  Marine  
  78  7:21  Marine x4  
  78  7:22  Marine x3  
  93  7:26  Barracks  
  93  7:29  Barracks  
  93  7:35  Supply Depot  
  93  7:38  Supply Depot  
  93  7:56  Marine x6  
  93  7:57  SCV x2  
  101  7:59  Marine x7  
  101  8:00  SCV  
  109  8:05  Supply Depot  
  109  8:08  Supply Depot  
  109  8:09  Supply Depot  
  109  8:17  Supply Depot  
  109  8:22  Marine x6  
  109  8:23  SCV x2  
  117  8:27  Marine x7, SCV  
  117  8:31  Marine x2  
  127  8:35  SCV x2  
  127  8:39  Command Center, SCV  
  127  8:40  Command Center, Marine x2  
  132  8:47  SCV x2  
  134  8:51  SCV  
  134  8:52  Marine  
  134  8:53  Marine x12  
  148  8:58  Marine  
  149  9:19  Marine  
  149  9:21  Marine  
  149  9:22  Marine x3  
  149  9:23  Command Center, Marine x2  
  149  9:24  Marine x2  
  149  9:25  Marine x6  
  141  9:34  SCV x2  
  141  9:35  SCV  
  141  9:36  Marine  
  144  9:39  Marine x2  
  144  9:40  Marine x2  
  144  9:41  Marine  
  149  9:50  Marine x3  
  149  9:51  Marine x5  
  157  9:55  Marine x2  
  157  9:57  Marine x2  
  157  9:58  Marine x2  
  157  9:59  Marine  
  157  10:08  Marine x3  
  157  10:11  Marine  
  157  10:12  Marine x4  
  157  10:13  Marine x2  
  156  10:15  Marine x3  
  156  10:16  Orbital Command, Marine x2  
  156  10:19  Orbital Command  
  159  10:26  Marine x3  
  159  10:29  Marine x2  
  159  10:30  SCV x3  
  159  10:31  Marine x5  
  159  10:42  SCV x3  
  159  10:52  Marine x2  
  159  10:53  Marine x12  
  159  10:54  Marine, SCV x3  
  159  10:59  Orbital Command  
  159  11:10  Marine x6  
  159  11:11  Barracks  
  159  11:12  Barracks  
  159  11:13  Barracks  
  159  11:16  Barracks  
  159  11:18  Barracks x2  
  159  11:19  Supply Depot, Marine x7  
  159  11:20  Supply Depot, Marine  
  159  11:41  Marine x4  
Tags
 
Composition
MMM Bio
League
Gold
Matchup
PvT
Spawn Locations
Close Positions
Add a new tag
Caveats
  • Supply blocks, unpowered buildings, or Contaminate may cause inaccurate times.
  • Supply counts are checked every 10 seconds.